Map: Orbital Shipyard

Players

Miszu - Winner!

  • Race: Terran Terran
  • League: Grandmaster

Geralt (Gerald)

  • Race: Protoss Protoss
  • League: Master

VOD

Have the link to the VOD?

Description

Time

  • Played on: Feb. 13, 2016, 6:23 p.m.
  • Length: 12:01
Show
View Real Time Build Order
Export as new Build Order

Miszu Terran - Winner!

Build Orders: Command Center First (CC), MMM Bio 

Get SALT Encoding   

  12  0:01  SCV  
  13  0:13  SCV  
  14  0:18  Supply Depot  
  14  0:25  SCV  
  15  0:40  SCV  
  16  0:52  SCV  
  17  1:00  Command Center  
  17  1:06  SCV  
  18  1:18  SCV  
  19  1:19  Barracks  
  19  1:30  SCV  
  20  1:34  Barracks  
  20  1:42  SCV  
  20  1:46  Barracks  
  21  1:54  SCV  
  22  2:08  Marine, Orbital Command  
  22  2:14  Orbital Command  
  23  2:22  Marine  
  24  2:27  Marine  
  25  2:33  SCV  
  25  2:34  Marine  
  27  2:39  Refinery x2  
  27  2:40  Marine  
  27  2:42  SCV  
  29  2:45  SCV  
  29  2:46  Marine  
  31  2:54  SCV  
  31  2:57  Marine, SCV  
  34  3:02  Supply Depot  
  34  3:06  SCV  
  34  3:09  SCV  
  34  3:10  Barracks Tech Lab  
  37  3:13  Supply Depot  
  38  3:22  SCV  
  38  3:23  SCV  
  38  3:24  Marine x2  
  41  3:34  SCV  
  41  3:35  SCV  
  41  3:39  Marine  
  43  3:42  Marine x2, Stimpack  
  43  3:46  SCV  
  43  3:47  SCV  
  47  3:54  Factory, Refinery  
  47  3:56  Engineering Bay  
  47  3:57  Marine  
  47  3:58  Supply Depot, SCV  
  47  3:59  SCV  
  44  4:10  SCV  
  42  4:23  SCV x2  
  42  4:35  Marine, SCV  
  42  4:36  SCV  
  42  4:37  Factory Reactor  
  45  4:39  Starport  
  46  4:46  Marine  
  46  4:47  SCV  
  46  4:48  SCV  
  49  4:56  Missile Turret  
  49  4:57  Missile Turret  
  49  4:59  SCV  
  51  5:00  SCV  
  51  5:02  Barracks Reactor, Barracks Tech Lab  
  47  5:11  SCV  
  47  5:12  SCV  
  47  5:23  SCV  
  47  5:24  SCV  
  47  5:26  Terran Infantry Weapons Level 1, Barracks  
  47  5:27  Barracks  
  49  5:29  Medivac x2  
  49  5:30  Marine  
  49  5:31  Marine  
  56  5:35  SCV  
  56  5:36  SCV  
  56  5:38  Supply Depot  
  56  5:39  Supply Depot  
  56  5:40  Marine x2  
  59  5:47  SCV  
  59  5:48  SCV, Combat Shields  
  59  5:49  Concussive Shells  
  61  5:59  Refinery, SCV  
  61  6:00  Marauder, SCV  
  65  6:06  Marine x2  
  65  6:07  Marine  
  68  6:12  SCV  
  68  6:13  Marine x2, SCV  
  68  6:15  Medivac x2  
  68  6:17  Widow Mine  
  78  6:21  Supply Depot  
  78  6:24  Supply Depot  
  78  6:28  Supply Depot  
  78  6:43  Marine x3, Marauder, SCV  
  84  6:49  Marine  
  84  6:54  Marine  
  85  6:55  Widow Mine  
  85  6:57  Medivac x2  
  85  7:00  Marine  
  85  7:01  Supply Depot  
  89  7:02  Supply Depot, Marine x2  
  89  7:04  Marine  
  89  7:07  Marine  
  93  7:11  Marine  
  94  7:18  Marine  
  94  7:20  Marine x2  
  94  7:22  Marine  
  98  7:23  Widow Mine  
  95  7:33  Marine  
  92  7:39  Marine  
  92  7:40  Marine x3, Medivac  
  92  7:41  Marine, Medivac  
  100  7:51  Marine  
  101  7:52  Widow Mine  
  101  7:57  Marine  
  101  7:58  Marine x3  
  107  7:59  Marine  
  108  8:09  Marine  
  108  8:10  Medivac  
  106  8:15  Marine  
  106  8:16  Marine  
  106  8:17  Marine  
  106  8:18  Marine x2, Medivac  
  113  8:20  Widow Mine  
  113  8:21  Command Center  
  113  8:26  Marine  
  116  8:33  Marine x2  
  118  8:36  Engineering Bay, Armory  
  118  8:46  Supply Depot  
  118  8:47  Supply Depot, Marine x4, Medivac  
  124  8:51  Marine x2  
  126  8:58  Ghost Academy  
  126  9:13  Barracks Tech Lab x2  
  126  9:15  Terran Infantry Armor Level 1  
  122  9:26  Widow Mine  
  122  9:28  Ghost  
  122  9:29  Ghost  
  130  9:33  Ghost  
  130  9:34  Ghost  
  132  9:40  Orbital Command  
  130  9:46  Marine x2  
  130  9:54  SCV x2, Widow Mine  
  130  10:06  SCV x2  
  131  10:12  Ghost  
  132  10:14  SCV, Missile Turret  
  132  10:18  SCV x2  
  132  10:19  Marine  
  135  10:26  SCV  
  135  10:27  Marine x4  
  140  10:30  SCV x2  
  142  10:37  Marine  
  142  10:38  Medivac x2, SCV  
  142  10:42  SCV  
  147  10:51  Liberator  
  131  11:00  Ghost  
  131  11:01  Marine, Ghost x2  
  131  11:03  Ghost  
  135  11:27  Marine x2  
  135  11:28  Ghost  
  135  11:29  Ghost x2  
Show
View Real Time Build Order
Export as new Build Order

Geralt Protoss 

Build Orders: 1 Gate Expand, Oracle Opening 

Get SALT Encoding   

  12  0:01  Probe (Chrono Boost)  
  13  0:11  Probe (Chrono Boost)  
  14  0:17  Pylon  
  14  0:23  Probe (Chrono Boost)  
  15  0:35  Probe (Chrono Boost)  
  16  0:41  Gateway  
  16  0:43  Assimilator  
  16  0:46  Probe (Chrono Boost)  
  17  0:56  Probe (Chrono Boost)  
  18  1:07  Probe (Chrono Boost)  
  19  1:19  Probe (Chrono Boost)  
  20  1:32  Nexus  
  20  1:33  Probe (Chrono Boost)  
  20  1:39  Cybernetics Core  
  21  1:44  Assimilator  
  21  1:48  Probe (Chrono Boost)  
  21  1:53  Pylon  
  22  1:58  Probe (Chrono Boost)  
  23  2:13  Probe (Chrono Boost)  
  24  2:16  Adept (Chrono Boost), Stargate  
  26  2:24  Probe  
  26  2:26  Warp Gate  
  27  2:36  Probe  
  28  2:40  Adept (Chrono Boost)  
  28  2:42  Probe  
  31  2:44  Assimilator  
  31  2:49  Probe  
  32  2:53  Probe  
  33  2:59  Oracle (Chrono Boost)  
  33  3:01  Probe  
  33  3:04  Pylon  
  37  3:06  Probe  
  38  3:13  Adept, Probe  
  38  3:18  Probe  
  42  3:25  Probe  
  43  3:30  Probe  
  43  3:31  Oracle (Chrono Boost)  
  47  3:37  Probe  
  46  3:42  Probe  
  47  3:49  Pylon, Mothership Core, Assimilator  
  47  3:51  Forge  
  47  3:54  Adept  
  49  3:56  Probe  
  52  4:08  Probe  
  53  4:10  Probe  
  54  4:20  Probe  
  54  4:23  Probe  
  56  4:26  Protoss Ground Armor Level 1  
  59  4:32  Probe  
  59  4:35  Probe  
  59  4:37  Pylon  
  59  4:38  Twilight Council  
  61  4:44  Pylon  
  61  4:45  Probe (Chrono Boost)  
  62  4:54  Photon Cannon  
  62  4:55  Probe (Chrono Boost)  
  62  4:56  Photon Cannon  
  62  4:57  Phoenix  
  62  4:58  Probe (Chrono Boost)  
  63  5:05  Probe (Chrono Boost)  
  61  5:10  Probe (Chrono Boost)  
  62  5:16  Probe (Chrono Boost)  
  62  5:21  Probe (Chrono Boost)  
  64  5:22  Charge (Chrono Boost), Phoenix  
  64  5:26  Zealot  
  64  5:27  Probe  
  69  5:29  Gateway  
  69  5:30  Gateway  
  69  5:32  Probe  
  69  5:34  Pylon  
  70  5:38  Robotics Facility  
  70  5:41  Pylon, Probe  
  71  5:47  Phoenix  
  71  5:48  Zealot  
  72  5:56  Probe  
  72  5:57  Templar Archives  
  73  5:59  Probe  
  73  6:03  Nexus  
  74  6:09  Protoss Ground Armor Level 2, Zealot  
  77  6:11  Probe  
  77  6:12  Phoenix  
  77  6:14  Probe  
  80  6:23  Probe  
  80  6:25  Observer  
  82  6:26  Psionic Storm, Probe  
  82  6:27  Pylon x2  
  83  6:37  Phoenix  
  83  6:39  Probe  
  86  6:46  Zealot  
  86  6:47  Zealot x2  
  91  6:55  Probe  
  91  6:56  Immortal  
  91  7:01  Probe  
  97  7:02  Phoenix  
  99  7:11  Zealot x3  
  99  7:36  Zealot x3  
  95  7:40  Probe  
  95  7:42  Immortal, Phoenix  
  94  7:51  Probe  
  95  7:52  Probe  
  95  7:56  Gateway  
  95  7:58  Gateway  
  95  8:00  High Templar x2, Gateway, Zealot  
  95  8:03  Probe  
  95  8:05  Archon  
  102  8:12  Probe  
  95  8:13  Phoenix  
  91  8:20  Probe  
  91  8:21  Immortal (Chrono Boost)  
  91  8:24  Zealot  
  91  8:25  Gateway  
  90  8:28  Gateway  
  90  8:34  High Templar  
  92  8:35  High Templar  
  94  8:42  Pylon  
  94  8:44  Pylon  
  94  8:45  Pylon  
  94  8:51  Pylon  
  94  8:57  Pylon  
  94  9:00  Phoenix  
  94  9:03  Probe  
  94  9:13  Zealot x2  
  94  9:14  Zealot x4  
  94  9:16  Observer (Chrono Boost)  
  104  9:25  Phoenix  
  106  9:34  High Templar  
  106  9:35  Nexus, Zealot  
  110  9:39  Probe  
  111  9:45  Pylon  
  111  9:46  Zealot x3  
  111  9:48  Observer (Chrono Boost)  
  118  10:01  Pylon  
  118  10:02  Assimilator  
  118  10:03  Probe  
  120  10:07  Assimilator  
  120  10:13  Robotics Bay  
  120  10:20  Immortal (Chrono Boost)  
  123  10:32  Zealot x5  
  133  10:41  Probe  
  106  10:59  High Templar x3  
  106  11:00  Zealot x5  
  122  11:09  Disruptor (Chrono Boost)  
  122  11:10  Probe  
  112  11:27  Zealot x5  
  112  11:33  Zealot x3  
  112  11:39  Archon x2  
  53  11:55  High Templar  
  53  11:56  High Templar, Zealot x5  
  53  11:57  Stalker  
Tags
 
Add a new tag
Caveats
  • Supply blocks, unpowered buildings, or Contaminate may cause inaccurate times.
  • Supply counts are checked every 10 seconds.